 Dungeon Crawl Stone Soup version 0.32-a0-893-gf85d74f360 (webtiles) character file.

Game seed: 10875271151446051921

406 aigua the Firebug (level 6, -4/45 HPs)
             Began as a Mountain Dwarf Fire Elementalist on Apr 3, 2024.
             Slain by Blork the orc
             ... wielding a +0 dire flail
              (7 damage)
             ... on level 4 of the Dungeon.
             The game lasted 00:07:28 (3333 turns).

aigua the Firebug (MDFE)                            Turns: 3333, Time: 00:07:28

Health: -4/45      AC:  8    Str: 10    XL:     6   Next: 56%
Magic:  1/12       EV: 10    Int: 18    God:
Gold:   153        SH:  4    Dex: 16    Spells: 10/13 levels left

rFire   . . .        l - +2 morningstar (protect)
rCold   . . .        f - +0 buckler
rNeg    . . .        a - +0 robe
rPois   .            (no helmet)
rElec   .            n - +1 cloak
rCorr   .            (no gloves)
SInv    .            (no boots)
Will    .....        (no amulet)
Stlth   ++           D - +6 ring of dexterity
HPRegen 0.27/turn    T - +4 ring of protection
MPRegen 0.13/turn

%: no passive effects
@: no status effects
A: runic magic, artefact enchanting
a: no special abilities


You were on level 4 of the Dungeon.
You visited 1 branch of the dungeon, and saw 4 of its levels.

You collected 153 gold pieces.


Innate Abilities, Weirdness & Mutations

Your spellcasting is much less encumbered by armour.
You can use scrolls of enchantment on lesser artefacts.


   Skills:
 - Level 1.3 Dodging
 - Level 1.4 Stealth
 - Level 4.0 Spellcasting
 - Level 0.8 Conjurations
 + Level 7.3 Fire Magic


You had 10 spell levels left.
You knew the following spells:

 Your Spells              Type           Power      Damage    Failure   Level
f - Foxfire               Conj/Fire      72%        2x1d7     4%          1
s - Scorch                Fire           60%        2d7       1%          2

Your spell library contained the following spells:

 Spells                   Type           Power      Damage    Failure   Level
 Inner Flame              Hex/Fire       16%        N/A       14%         3
 Volatile Blastmotes      Fire/Tloc      32%        2d12      14%         3
 Flame Wave               Conj/Fire      18%        2d7       38%         4
 Fugue of the Fallen      Necr           3%         N/A       54%         3
 Ozocubu's Armour         Ice            3%         N/A       54%         3
 Manifold Assault         Tloc           1%         N/A       100%        7

Inventory:

Hand Weapons
 h - a +0 whip
 l - a +2 morningstar of protection (weapon)
Armour
 a - a +0 robe (worn)
 d - a +0 ring mail
 f - a +0 buckler (worn)
 n - a +1 cloak (worn)
Magical Staves
 m - a staff of air {!a}
Jewellery
 t - a +4 ring of protection
 D - a +6 ring of dexterity (left hand)
 T - a +4 ring of protection (right hand)
Scrolls
 c - 6 scrolls of immolation
 g - a scroll of teleportation {unknown}
 i - a scroll of amnesia {unknown}
 j - a scroll of identify {@r1}

Dungeon Overview and Level Annotations

Branches:
Dungeon (4/15)
 Temple: D:4-7

Altars:
Ru
Uskayaw
Wu Jian

Shops:
D:1 [

Annotations:
D:4 Blork the orc

### ##..## ##§§§§§##
##§§§§§§§##
########§§§§§§§§§#
......§§§§§§§§§§§##.
.......@§§§§§§§§§..w
.....Jo#§§§§§§§§§..
.......#§§§§§§§§§#
.......##§g§§§§§# .
....... ##§g§§§## ..
.......#####§#######..
...)...#.....§§.......
.......#......§§§.##
#.......§§.# ##


You could see Blork the orc (fast), 2 gnolls and an endoplasm (wandering).


Message History

You closely miss the gnoll.
The gnoll is heavily wounded.
You float gracefully downwards.
Blork the orc zaps a wand.
The puff of flame hits you but does no damage.
You block the gnoll's attack.
Blork the orc casts a spell.
Blork the orc seems to speed up.
The gnoll misses you.
As you read the scroll labelled TUYCLO SUYXECLUNI, it crumbles to dust.
It is a scroll of identify.
c - 6 scrolls of immolation Blork the orc zaps a wand.
The puff of flame hits you!
* * * LOW HITPOINT WARNING * * *
The gnoll closely misses you.
The air fills with toxic fumes!
As you read the scroll labelled HERRUX GOSKIQY, it crumbles to dust.
It was a scroll of poison.
The gnoll is no longer more vulnerable to fire.
Blork the orc screams, "I'll make you see things how they really are!"
Blork the orc looks braver for a moment.
The gnoll barely misses you.
Your magical contamination has completely faded away.
Blink to where?
Press: ? - help, Dir - move target An endoplasm comes into view.
As you read the scroll labelled IHEOXUAMAMP, it crumbles to dust.
It was a scroll of blinking.
Your enlightenment fades.
Blork the orc hits you with a +0 dire flail!
You die...
Blork the orc shouts, "I believe in me!"

Skill      XL: |  1  2  3  4  5  6 |
---------------+-------------------+-----
Spellcasting   | 2 3 4 |  4.0
Fire Magic     | 5 6 7 |  7.3
Dodging        | |  1.3
Stealth        | |  1.4
Conjurations   | |  0.8

Action                     |  1- 3 |  4- 6 || total
---------------------------+-------+-------++-------
  Melee: Whip              |    14 |       ||    14
         Morningstar       |     8 |    27 ||    35
   Cast: Foxfire           |    45 |    16 ||    61
         Scorch            |    16 |    19 ||    35
    Use: Potion            |     1 |     1 ||     2
         Scroll            |       |     3 ||     3
   Stab: Sleeping          |     2 |     1 ||     3
 Armour: Robe              |    18 |    43 ||    61
  Dodge: Dodged            |    17 |    21 ||    38
  Block: Buckler           |     6 |     4 ||    10

Levels and vault maps discovered:
D:1:      minmay_arrival_radiant_lines, layout_basic, serial_shops,
          nicolae_shop_advertising_works [nicolae_subvault_shop_adworks]
D:2:      layout_basic, uniq_sigmund
D:3:      layout_rooms, mainiacjoe_overflow_brackets, lemuel_doored_altar,
          mainiacjoe_overflow_paths
D:4:      layout_basic, nicolae_vehumet_radiance, minmay_temple_entry_statues,
          nicolae_wormholes, uniq_eustachio, uniq_blork_the_orc

Notes
Turn   | Place    | Note
-------+----------+-------------------------------------------
     0 | D:1      | aigua the Mountain Dwarf Fire Elementalist began the quest
                  | for the Orb.
     0 | D:1      | Reached XP level 1. HP: 14/14 MP: 3/3
    40 | D:1      | Found Isoitear's Antique Armour Shoppe.
   270 | D:1      | Reached skill level 2 in Spellcasting
   635 | D:1      | Reached XP level 2. HP: 20/20 MP: 1/5
   638 | D:1      | Learned a level 2 spell: Scorch
  1499 | D:2      | Reached skill level 3 in Spellcasting
  1572 | D:2      | Reached XP level 3. HP: 26/26 MP: 2/7
  2022 | D:2      | Noticed Sigmund
  2035 | D:2      | HP: 1/26 [something (8)]
  2036 | D:2      | Killed Sigmund
  2037 | D:2      | Reached skill level 4 in Spellcasting
  2037 | D:2      | Reached skill level 5 in Fire Magic
  2037 | D:2      | Reached XP level 4. HP: 1/33 MP: 1/10
  2037 | D:2      | Reached XP level 5. HP: 2/38 MP: 1/11
  2325 | D:3      | Found a hide-covered altar of Uskayaw.
  2426 | D:3      | Found a sacrificial altar of Ru.
  2490 | D:3      | Found an ornate altar of the Wu Jian Council.
  2953 | D:4      | Noticed a phantom
  2959 | D:4      | Killed a phantom
  2960 | D:4      | Reached skill level 6 in Fire Magic
  2960 | D:4      | Reached XP level 6. HP: 45/45 MP: 3/12
  3232 | D:4      | Reached skill level 7 in Fire Magic
  3305 | D:4      | HP: 3/45 [gnoll bouda/+2 whip of distortion (3)]
  3314 | D:4      | Noticed Blork the orc
  3331 | D:4      | HP: 2/45 [Blork the orc/puff of flame (8)]
  3333 | D:4      | Slain by Blork the orc

Vanquished Creatures
  Sigmund (D:2)
  A phantom (D:4)
  A hound (D:4)
  5 gnolls (D:4)
  An adder (D:4)
  3 dart slugs
  A ribbon worm (D:4)
  An orc (D:3)
  4 endoplasms
  A giant cockroach (D:1)
  4 goblins
  8 hobgoblins
  2 jackals (D:1)
  3 quokkas
  3 ball pythons
  10 bats
  4 frilled lizards
  2 kobolds
  9 rats
64 creatures vanquished.

Vanquished Creatures (others)
  112 foxfires
112 creatures vanquished.

Grand Total: 176 creatures vanquished

Table legend: (Time is in decaauts)
 A = Elapsed time spent in this place.
 B = Non-inter-level travel time spent in this place.
 C = Inter-level travel time spent in this place.
 D = Time resting spent in this place.
 E = Time spent auto-exploring this place.
 F = Levels seen in this place.
 G = Mean time per level.
                   A        B        C        D        E       F      G
               +--------+--------+--------+--------+--------+-----+--------+
         Total |   3353 |   3176 |    177 |    158 |   2457 |   4 |  838.2 |
       Dungeon |   3353 |   3176 |    177 |    158 |   2457 |   4 |  838.2 |
               +--------+--------+--------+--------+--------+-----+--------+

Top non-repeatable levels by time:
     D:1: 1311 daAuts
     D:2: 975 daAuts
     D:3: 689 daAuts
     D:4: 377 daAuts

Table legend:
 A = Non-vault XP
 B = Vault XP
 C = Vault XP percentage of total XP
 D = Non-vault monster count
 E = Vault monster count
 F = Vault count percentage of total count
                 A         B        C        D         E       F
            +---------+---------+-------+---------+---------+-------
      Total |     325 |     255 |  44.0 |      62 |       2 |   3.1
            +---------+---------+-------+---------+---------+-------
        D:1 |      32 |       0 |   0.0 |      20 |       0 |   0.0
        D:2 |      37 |     251 |  87.2 |      22 |       1 |   4.3
        D:3 |      16 |       0 |   0.0 |       9 |       0 |   0.0
        D:4 |     240 |       4 |   1.6 |      11 |       1 |   8.3
            +---------+---------+-------+---------+---------+-------
